 Dungeon Crawl Stone Soup version 0.30.0-15-g856e2d3f33 (webtiles) character file.

Game seed: 12399305528631452948

87 funnyparkerb the Magician (level 4, -1/34 HPs)
             Began as a Djinni Fire Elementalist on May 19, 2023.
             Slain by an ufetubus (4 damage)
             ... on level 2 of the Dungeon.
             The game lasted 00:03:25 (2286 turns).

funnyparkerb the Magician (DjFE)                    Turns: 2286, Time: 00:03:26

Health: -1/34      AC:  2    Str:  7    XL:     4   Next: 80%
Gold:   89         EV: 12    Int: 19    God:
                   SH:  0    Dex: 13

rFire   + + .        (no weapon)
rCold   x . .        (no shield)
rNeg    . . .        a - +0 robe
rPois   ∞            (no helmet)
rElec   .            (no cloak)
rCorr   .            (no gloves)
SInv    .            (boots unavailable)
Will    .....        (no amulet)
Stlth   ++           (no ring)
HPRegen 0.25/turn    (no ring)
MPRegen 0.00/turn

%: infuse magic (-2 HP)
@: flying, very slightly contaminated
A: sickness immunity, fire resistance 2, cold vulnerability 1, float, innate
caster, HP casting, extra vitality 1
a: no special abilities


You were on level 2 of the Dungeon.
You visited 1 branch of the dungeon, and saw 3 of its levels.

You collected 89 gold pieces.

Inventory:

Armour
 a - a +0 robe (worn)
Scrolls
 b - 2 scrolls of identify {unknown}
 d - a scroll of amnesia {unknown}
 e - a scroll of teleportation {unknown}
 f - a scroll of torment {unknown}
 h - a scroll of vulnerability {unknown}
Potions
 c - a potion of heal wounds {unknown}
 g - a potion of mutation {unknown}


   Skills:
 + Level 2.6 Fighting
 - Level 2.1 Dodging
 - Level 1.5 Stealth
 + Level 3.3 Spellcasting


You knew the following spells:

 Your Spells              Type           Power      Damage    Failure   Level
a - Foxfire               Conj/Fire      60%        2x1d7     3%          1
b - Scorch                Fire           30%        2d6       6%          2
c - Volatile Blastmotes   Fire/Tloc      30%        2d12      12%         3
d - Inner Flame           Hex/Fire       15%        N/A       12%         3
e - Flame Wave            Conj/Fire      15%        2d7       36%         4
f - Beastly Appendage     Tmut           30%        N/A       3%          1
Your spell library was empty.

Dungeon Overview and Level Annotations

Branches:
Dungeon (3/15)

Altars:


Innate Abilities, Weirdness & Mutations

You are immune to sickness and miasma.
You are immune to poison.
Your flesh is very heat resistant. (rF++)
You are vulnerable to cold. (rC-)
You float through the air rather than walking.
You learn spells naturally, not from books.
Your magical power is your life essence.
You have superior vitality. (+4 MHP)


Message History

The endoplasm quivers.
The bat closely misses you.
The foxfire hits the bat.
The bat is severely wounded.
You conjure some foxfire!
The foxfire hits the bat.
You kill the bat!
The bat misses you. The ufetubus misses you.
The ufetubus hits you but does no damage.
You conjure some foxfire!
The foxfire hits the endoplasm.
The endoplasm is lightly wounded.
The foxfire hits the endoplasm.
The endoplasm is severely wounded.
The ufetubus hits you. The ufetubus closely misses you. The bat hits you.
The endoplasm hits you but does no damage.
You conjure some foxfire!
The foxfire hits the endoplasm.
The endoplasm is almost dead.
The bat hits you.
The ufetubus hits you. x3; The ufetubus misses you.
The endoplasm freezes you.
You are frozen.
You feel a terrible chill!
You are too injured to fight recklessly!
You are too injured to fight recklessly!
You are too injured to fight recklessly!
The foxfire hits the endoplasm.
You kill the endoplasm!
The bat hits you.
The ufetubus hits you but does no damage.
The ufetubus hits you.
* * * LOW HITPOINT WARNING * * *
You fly upwards.
There is a stone staircase leading down here.
Casting: Foxfire (safe; 3% risk of failure)
Confirm with . or Enter, or press ? or * to list all spells.
You miscast Scorch.
You are very lightly contaminated with residual magic.
Nothing appears to happen.
* * * LOW HITPOINT WARNING * * *
The bat barely misses you. The ufetubus closely misses you.
The ufetubus hits you.
* * * LOW HITPOINT WARNING * * *
The ufetubus hits you.
You die...

# #......#
#≈~.~.~♣.## #
##.....# #####.##.#
# #÷##### #....# #
#.# ############.#
#
#.###.........##.#
#
#.#...8.....8.##.#
#.#.#.........##.#
#.#.#.........##.#
#.........@5..##.#
#...<......b...###
#...÷...÷......#≈#
#.....8.....8..#≈#
#...<..........#≈##
#.......######..≈.#
######### #..~.#
##.~.# #####


You could see an ufetubus and a bat.

Vanquished Creatures
  3 adders
  A dart slug (D:1)
  4 ball pythons
  11 bats
  5 endoplasms
  6 giant cockroaches
  2 goblins (D:1)
  5 hobgoblins
  3 jackals (D:2)
  3 kobolds
  3 quokkas (D:1)
  A frilled lizard (D:2)
  7 rats
54 creatures vanquished.

Vanquished Creatures (collateral kills)
  2 foxfires (D:2)
2 creatures vanquished.

Vanquished Creatures (others)
  229 foxfires
229 creatures vanquished.

Grand Total: 285 creatures vanquished

Notes
Turn   | Place    | Note
-------+----------+-------------------------------------------
     0 | D:1      | funnyparkerb the Djinni Fire Elementalist began the quest
                  | for the Orb.
     0 | D:1      | funnyparkerb set off with the following spells memorised:
                  | Foxfire, Scorch, Volatile Blastmotes, Inner Flame, Flame
                  | Wave.
     0 | D:1      | Reached XP level 1. HP: 15/15 MP: 0/0
   220 | D:1      | Reached skill level 1 in Fighting
   220 | D:1      | Reached XP level 2. HP: 19/22 MP: 0/0
   435 | D:1      | Reached XP level 3. HP: 21/27 MP: 0/0
   435 | D:1      | Learned a level 1 spell: Beastly Appendage
  1268 | D:1      | Reached skill level 3 in Spellcasting
  1318 | D:2      | Reached XP level 4. HP: 18/33 MP: 0/0
  1660 | D:2      | Found a faded altar of an unknown god.
  2286 | D:2      | Slain by an ufetubus

Illustrated notes

Levels and vault maps discovered:
D:1:      dpeg_arrival_lava_temple_mockup, layout_basic
D:2:      layout_basic, basic_altar, serial_rivers,
          chequers_serial_rivers_room_b, chequers_serial_rivers_small_3,
          chequers_serial_rivers_large_b, chequers_serial_rivers_marsh,
          chequers_serial_rivers_small_a, chequers_serial_rivers_small_b,
          shapermc_ecumenical_altar_ellora, st_stairs_1,
          chequers_serial_rivers_micro_b
D:3:      layout_loops_ring, uniq_grinder, uniq_natasha

Skill      XL: |  1  2  3 |
---------------+----------+-----
Fighting       | 1 2 |  2.6
Spellcasting   | 3 |  3.3
Dodging        | |  2.1
Stealth        | |  1.5

Action                     |  1- 3 |  4- 6 || total
---------------------------+-------+-------++-------
  Melee: Unarmed           |     1 |     1 ||     2
   Cast: Foxfire           |   115 |    58 ||   173
         Scorch            |       |     6 ||     6
 Armour: Robe              |     5 |     6 ||    11
  Dodge: Dodged            |    20 |    19 ||    39
